 Dungeon Crawl Stone Soup version 0.13.1-29-g71f4f6b (console) character file.

17659 warlord the Severer (level 12, -4/91 HPs)
             Began as a Centaur Berserker on Mar 21, 2014.
             Was an Elder of Trog.
             Slain by a balrug
             ... wielding a +1,+1 anti-magic demon whip
              (15 damage)
             ... on Level 1 of the Abyss on Mar 22, 2014.
             The game lasted 01:23:10 (8173 turns).

warlord the Severer (Centaur Berserker)             Turns: 8173, Time: 01:23:10

HP  -4/91        AC 14     Str 23      XL: 12   Next: 18%
MP   3/3         EV  7     Int  9      God: Trog [****..]
Gold 290         SH  0     Dex  8      Spells:  0 memorised, 12 levels left

Res.Fire  : . . .   See Invis. : .   a - +2,+0 battleaxe (antimagic)
Res.Cold  : + . .   Warding    : .   C - +6 scale mail of Cliys {MR+}
Life Prot.: . . .   Conserve   : .   (no shield)
Res.Poison: .       Res.Corr.  : .   (no helmet)
Res.Elec. : .       Clarity    : .   u - +0 cloak of Orthodoxy {Dam+4}
Sust.Abil.: . .     Spirit.Shd : .   m - +0 pair of gauntlets
Res.Mut.  : .       Stasis     : .   (no barding)
Res.Rott. : .       Flight     : .   (no amulet)
Saprovore : . . .                    (no ring)
                                     f - ring of protection from cold

@: regenerating, about to teleport, very quick, extremely resistant to hostile
enchantments, extremely unstealthy
A: hooves 3, deformed body, herbivore 1, speed 2, fast metabolism 1, tough skin
3
a: Burn Spellbooks, Berserk, Trog's Hand, Brothers in Arms, Renounce Religion


You were on level 1 of the Abyss.
You worshipped Trog.
Trog was greatly pleased with you.
You were not hungry.

You visited 4 branches of the dungeon, and saw 17 of its levels.
You visited the Abyss 1 time.

You collected 1531 gold pieces.
You spent 1261 gold pieces at shops.

Inventory:

Hand weapons
 a - a +2,+0 anti-magic battleaxe (weapon)
 b - a +0,+2 orcish battleaxe of chopping
 i - a +0,+2 whip of electrocution
 y - a +0 blowgun
 G - a +0,+2 crossbow of evasion
 H - a -1,+0 orcish battleaxe
 P - a +1,+3 orcish hand axe
Missiles
 k - 5 javelins (quivered)
Armour
 m - a +0 pair of gauntlets (worn)
 r - a +3 gold dragon armour
 u - the +0 cloak of Orthodoxy (worn) {Dam+4}
   (You found it on level 6 of the Dungeon)

   It affects your damage-dealing abilities (+4).
 C - the cursed +6 scale mail of Cliys (worn) {MR+}
   (You found it on level 11 of the Dungeon)

   It affects your resistance to hostile enchantments.
   It has a curse placed upon it.
 I - the +3 hat of Pondering {ponderous, MR+ MP+10 Int+5}
   (You took it off Gastronok on level 4 of the Orcish Mines)

   It affects your intelligence (+5).
   It affects your resistance to hostile enchantments.
   It affects your magic capacity (+10).
 Q - a cursed -2 orcish ring mail
Magical devices
 g - a wand of invisibility (1) {unknown}
 h - a wand of teleportation (6)
 w - a wand of confusion (12) {unknown}
 z - a wand of heal wounds (3)
 F - a wand of fire (2)
 M - a wand of flame (8)
Comestibles
 c - 6 bread rations
 o - 2 meat rations
 B - a pear
Scrolls
 l - a scroll of fog {unknown}
 q - 2 scrolls of blinking
 v - 2 scrolls of magic mapping
 E - 2 scrolls of remove curse
 J - 2 scrolls of noise
 L - a scroll of amnesia
Jewellery
 f - a ring of protection from cold (left hand)
Potions
 d - 2 potions of degeneration {unknown}
 e - a potion of invisibility
 j - 3 potions of curing {unknown}
 p - a potion of magic
 t - a potion of agility
Books
 n - a book of Envenomations

   Spells                             Type                      Level
   Spider Form                        Transmutation/Poison         3
   Poison Weapon                      Charms/Poison                3
   Summon Scorpions                   Summoning/Poison             4
   Olgreb's Toxic Radiance            Poison                       4
   Poisonous Cloud                    Conjuration/Poison/Air       6
   Trog disapproves of the use of such an item.


   Skills:
 - Level 3.0 Fighting
 + Level 17.3 Axes
 - Level 1.3 Armour
 - Level 1.3 Dodging
 - Level 0.8 Spellcasting


You had 12 spell levels left.
You didn't know any spells.

Dungeon Overview and Level Annotations

Branches:
Dungeon (11/27)            Temple (1/1) D:6             Orc (4/4) D:7
    Elf (1/3) Orc:3
   Lair: D:8-13

Altars:
Elyvilon
Makhleb

Shops:
D:4 =   D:5 !   D:9 %   Orc:3 [   Orc:4 *%//

Annotations:
D:6 Eustachio
D:8 Erolcha; Prince Ribbit
D:10 Sonja
D:11 Josephine
Orc:2 Fannar
Orc:3 abesto's ghost, powerful HOBe


Innate Abilities, Weirdness & Mutations

You have hooves in place of feet.
Armour fits poorly on your strangely shaped body.
You digest meat inefficiently.
You cover ground very quickly.
You have a fast metabolism.
You have extremely tough skin (AC +3).


Message History

* * * LOW HITPOINT WARNING * * *
Evoke which item? (* to show all) (? for menu, Esc to quit)
Okay, then.
Evoke which item? (* to show all) (? for menu, Esc to quit)
Zapping:
z - a wand of heal wounds (5)
Press: ? - help, Shift-Dir - straight line, f - you You feel much better.
This wand has 4 charges left.
The balrug hits you but does no damage.
Your ogre closely misses the balrug.
Evoke which item? (* to show all) (? for menu, Esc to quit)
Zapping:
z - a wand of heal wounds (4)
Press: ? - help, Shift-Dir - straight line, f - you You feel much better.
This wand has 3 charges left.
The balrug gestures at you. The bolt of fire hits you!
* * * LOW HITPOINT WARNING * * *
Your ogre barely misses the balrug.
The balrug hits you with a glowing demon whip!
* * * LOW HITPOINT WARNING * * *
You are engulfed in flames!
You die...

# .# # .##
.. #.. ##. #
. .. #..#.
###
#.2.###.#
###5##@.# #
##..#.#2##
#......##O.#
#.. 5##### #
#.#..# ##
.## .
###.##. ##
.#+#
#>5..2.#ยง .
.# ...##
..x#.... #
##.#.. . #
....#


You could see a balrug and a friendly ogre (berserk).

Vanquished Creatures
  Gastronok (Orc:4)
  2 orc high priests (Orc:4)
  Urug (Orc:2)
  The ghost of Turgon the Basher, an experienced OgWz of Ashenzari (D:10)
  2 hill giants (Orc:4)
  An unseen horror (D:10)
  Pikel (D:6)
  Joseph (D:9)
  5 orc sorcerers
  2 orc knights (Orc:4)
  A cyclops (D:11)
  The ghost of teukkam the Ruffian, an experienced TrMo (D:5)
  A human (D:7)
  A feature mimic (Orc:3)
  A smoke demon (Orc:4)
  2 hellwings
  The ghost of teukkam the Ruffian, an average TrMo (D:7)
  A blue devil (Orc:4)
  A troll (D:9)
  A two-headed ogre (Orc:4)
  A boulder beetle (Orc:1)
  4 hippogriffs
  A hungry ghost (Abyss:1)
  16 orc warriors
  A wolf (Orc:4)
  A deep elf fighter (Elf:1)
  Edmund (D:6)
  2 manticores
  A mottled dragon (D:11)
  An ice beast (D:10)
  A yellow wasp (D:9)
  A phantom (D:9)
  3 slaves (D:6)
  A sky beast (D:6)
  6 ogres
  A centaur (D:9)
  A big kobold (D:11)
  3 wargs
  A water moccasin (D:9)
  A cyclops zombie (D:11)
  3 giant frogs (D:9)
  2 gnoll sergeants
  An electric eel (Orc:4)
  A yak skeleton (D:10)
  3 wights (D:11)
  2 goliath beetles
  A soldier ant zombie (D:9)
  2 crimson imps
  14 orc priests
  A big fish (Orc:4)
  2 hounds
  3 iguanas
  16 orc wizards
  A scorpion (D:10)
  4 worker ants
  2 sheep (D:11)
  A worker ant zombie (D:9)
  6 adders
  16 gnolls
  A white imp (D:10)
  2 worms
  2 ufetubi (Abyss:1)
  An adder zombie (D:6)
  4 giant geckos
  125 orcs
  A bat skeleton (D:5)
  A giant cockroach (D:1)
  8 goblins
  13 hobgoblins
  7 jackals
  A quokka (D:3)
  2 ball pythons (D:3)
  15 bats
  5 giant newts
  A giant newt zombie (D:5)
  A giant spore (D:11)
  14 kobolds
  A kobold zombie (D:7)
  5 rats
  A fungus (D:9)
368 creatures vanquished.

Vanquished Creatures (others)
  A slave (D:6)
  4 orcs
  A goblin (D:6)
  2 starspawn tentacles (Abyss:1)
  2 starspawn tentacle segments (Abyss:1)
10 creatures vanquished.

Grand Total: 378 creatures vanquished

Notes
Turn   | Place    | Note
--------------------------------------------------------------
     0 | D:1      | warlord, the Centaur Berserker, began the quest for the Orb.
     0 | D:1      | Reached XP level 1. HP: 19/19 MP: 0/0
   159 | D:1      | Reached XP level 2. HP: 17/26 MP: 1/1
   268 | D:1      | Acquired Trog's second power
   308 | D:2      | Reached XP level 3. HP: 16/33 MP: 2/2
   600 | D:5      | Entered Level 5 of the Dungeon
   609 | D:5      | Reached skill level 4 in Axes
   694 | D:5      | Noticed teukkam's ghost (experienced TrMo)
   711 | D:5      | Killed teukkam's ghost
   711 | D:5      | Reached skill level 6 in Axes
   711 | D:5      | Reached XP level 4. HP: 39/39 MP: 2/2
   711 | D:5      | Reached XP level 5. HP: 45/45 MP: 3/3
   711 | D:5      | Reached XP level 6. HP: 52/52 MP: 4/4
   821 | D:4      | Found a burning altar of Makhleb.
   868 | D:5      | Found Aquper Fripu's Distillery.
   872 | D:5      | Bought a potion of confusion for 14 gold pieces
   872 | D:5      | Bought a potion of invisibility for 77 gold pieces
   898 | D:4      | Found Mnoxoutajo's Jewellery Emporium.
   988 | D:3      | Reached skill level 7 in Axes
  1200 | D:3      | Noticed a gnoll sergeant
  1212 | D:3      | Killed a gnoll sergeant
  1212 | D:3      | Reached XP level 7. HP: 12/58 MP: 4/4
  1579 | D:6      | Noticed Eustachio
  1604 | D:6      | Noticed Edmund
  1625 | D:6      | Reached skill level 8 in Axes
  1633 | D:6      | Killed Edmund
  1704 | D:6      | Noticed Pikel
  1773 | D:6      | Killed Pikel
  1773 | D:6      | Reached skill level 9 in Axes
  1773 | D:6      | Reached XP level 8. HP: 54/66 MP: 5/5
  1832 | D:6      | Got a faintly humming cloak
  1836 | D:6      | Identified the +0 cloak of Orthodoxy {Dam+4} (You found it on level 6 of the Dungeon)
  1872 | D:6      | Reached skill level 10 in Axes
  1936 | D:6      | Found a staircase to the Ecumenical Temple.
  1946 | Temple   | Entered the Ecumenical Temple
  2405 | D:7      | Found a staircase to the Orcish Mines.
  2415 | D:7      | Noticed a human
  2439 | D:7      | Killed a human
  2439 | D:7      | Reached skill level 11 in Axes
  2439 | D:7      | Reached XP level 9. HP: 55/71 MP: 6/6
  2510 | D:7      | Noticed teukkam's ghost (average TrMo)
  2587 | D:7      | Killed teukkam's ghost
  2694 | Orc:1    | Entered Level 1 of the Orcish Mines
  2956 | Orc:2    | Noticed Urug
  2958 | Orc:2    | Reached skill level 12 in Axes
  3017 | Orc:2    | Killed Urug
  3059 | Orc:1    | Noticed an orc sorcerer
  3059 | Orc:1    | Paralysed by an orc sorcerer for 2 turns
  3128 | Orc:1    | Killed an orc sorcerer
  3128 | Orc:1    | Reached skill level 13 in Axes
  3311 | Orc:2    | Noticed Fannar
  3336 | Orc:1    | Reached XP level 10. HP: 78/78 MP: 6/6
  3341 | Orc:1    | Acquired Trog's third power
  3666 | Orc:3    | Found a staircase to the Elven Halls.
  3809 | Orc:3    | Found Shrehe's Armour Shoppe.
  4029 | Orc:4    | Entered Level 4 of the Orcish Mines
  4278 | Orc:4    | Noticed a hill giant
  4279 | Orc:4    | Noticed a hill giant
  4299 | Orc:4    | Killed a hill giant
  4299 | Orc:4    | Received a gift from Trog
  4302 | Orc:4    | Killed a hill giant
  4302 | Orc:4    | Reached skill level 14 in Axes
  4469 | Orc:4    | Noticed Gastronok
  4632 | Orc:4    | Killed Gastronok
  4689 | Orc:3    | Noticed abesto's ghost (powerful HOBe)
  4807 | Orc:4    | Reached skill level 15 in Axes
  4848 | Orc:4    | Reached XP level 11. HP: 76/84 MP: 7/7
  5058 | Orc:4    | Noticed an orc sorcerer
  5113 | Orc:4    | Noticed an orc sorcerer
  5125 | Orc:4    | Noticed an orc knight
  5128 | Orc:4    | Noticed an orc knight
  5155 | Orc:4    | Killed an orc sorcerer
  5161 | Orc:4    | HP: 3/84 [orc knight/ bolt (7)]
  5237 | Orc:4    | Noticed a sun demon
  5240 | Orc:4    | Paralysed by an orc sorcerer for 4 turns
  5278 | Orc:4    | Killed an orc sorcerer
  5351 | Orc:4    | Noticed an orc knight
  5382 | Orc:4    | Killed an orc knight
  5534 | Orc:4    | Noticed an orc sorcerer
  5541 | Orc:4    | Killed an orc sorcerer
  5542 | Orc:4    | Noticed an orc sorcerer
  5544 | Orc:4    | Noticed an orc high priest
  5554 | Orc:4    | Noticed an orc high priest
  5620 | Orc:4    | Killed an orc knight
  5703 | Orc:4    | Noticed an orc high priest
  5744 | Orc:4    | Killed an orc sorcerer
  5753 | Orc:4    | Killed an orc high priest
  5753 | Orc:4    | Reached skill level 16 in Axes
  5800 | Elf:1    | Entered Level 1 of the Elven Halls
  5828 | Elf:1    | Found a burning altar of Makhleb.
  5836 | Elf:1    | Noticed a deep elf demonologist
  5836 | Elf:1    | Noticed a deep elf annihilator
  5995 | Orc:4    | Killed an orc high priest
  6016 | Orc:4    | Found Schanasm's Magical Wand Shoppe.
  6039 | Orc:4    | Noticed an orc knight
  6047 | Orc:4    | Found Kocis' Assorted Antiques.
  6051 | Orc:4    | Bought a wand of teleportation (2) for 270 gold pieces
  6051 | Orc:4    | Bought a wand of heal wounds (6) for 900 gold pieces
  6053 | Orc:4    | Found Klottyxt's Food Boutique.
  6055 | Orc:4    | Found Klosuam's Magical Wand Shoppe.
  6354 | D:9      | Found Qoan's Food Emporium.
  6406 | D:8      | Found a white marble altar of Elyvilon.
  6407 | D:8      | Noticed Prince Ribbit
  6752 | D:8      | Noticed Erolcha
  7005 | D:10     | Entered Level 10 of the Dungeon
  7058 | D:11     | Got a shimmering scale mail
  7102 | D:10     | Identified the cursed +6 scale mail of Cliys {MR+} (You found it on level 11 of the Dungeon)
  7150 | D:10     | Noticed Turgon's ghost (experienced OgWz)
  7167 | D:10     | Killed Turgon's ghost
  7309 | D:10     | Killed an unseen horror
  7309 | D:10     | Reached skill level 17 in Axes
  7309 | D:10     | Reached XP level 12. HP: 45/91 MP: 10/10
  7482 | D:11     | Noticed Josephine
  7566 | D:11     | Received a gift from Trog
  7599 | D:9      | Noticed Joseph
  7608 | D:9      | Killed Joseph
  7725 | D:10     | Noticed Sonja
  7729 | D:10     | Cast into the Abyss (Sonja)
  8015 | Abyss:1  | Noticed a tentacled starspawn
  8016 | Abyss:1  | Noticed a starcursed mass
  8032 | Abyss:1  | Noticed a tentacled starspawn
  8116 | Abyss:1  | Noticed a starcursed mass
  8116 | Abyss:1  | Noticed a starcursed mass
  8161 | Abyss:1  | Noticed a balrug
  8173 | Abyss:1  | Slain by a balrug

Action                   |  1- 3 |  4- 6 |  7- 9 | 10-12 || total
-------------------------+-------+-------+-------+-------++-------
Melee: Hand axe          |    77 |    70 |   225 |       ||   372
       Battleaxe         |       |       |    14 |   554 ||   568
Throw: Javelin           |       |       |       |     6 ||     6
Invok: Berserk           |     2 |     1 |    11 |    19 ||    33
       Trog's Hand       |     4 |       |    11 |    34 ||    49
       Brothers in Arms  |       |       |       |     1 ||     1
Evoke: Wand              |       |       |       |     8 ||     8
  Use: Scroll            |       |       |    12 |    19 ||    31
       Potion            |       |       |       |     2 ||     2
